 Dungeon Crawl Stone Soup version 0.26-a0-490-gf8362a0c98 (webtiles) character file.

Game seed: 17240853438176676382

60 ANON1729 the Sneak (level 3, -4/31 HPs)
             Began as a Palentonga Delver on Aug 4, 2020.
             Slain by an iguana (7 damage)
             ... on level 6 of the Dungeon.
             The game lasted 00:03:59 (1500 turns).

ANON1729 the Sneak (Palentonga Delver)              Turns: 1500, Time: 00:04:00

Health: -4/31      AC:  4    Str: 16    XL:     3   Next: 80%
Magic:  3/3        EV: 10    Int: 10    God:
Gold:   20         SH:  0    Dex: 11    Spells: 2/2 levels left

rFire    . . .     SeeInvis +   a - +0 falchion
rCold    . . .     Faith    .   (no shield)
rNeg     . . .     Spirit   .   b - +0 leather armour
rPois    .         Reflect  .   (no helmet)
rElec    .         Harm     .   (no cloak)
rCorr    .                      (no gloves)
MR       .....                  (boots restricted)
Stlth    ++........             (no amulet)
HPRegen  0.10/turn              (no ring)
MPRegen  0.08/turn              (no ring)

@: no status effects
A: large, rugged brown scales 3, see invisible, deformed body, roll, armoured
tail
a: Rolling Charge


You were on level 6 of the Dungeon.
You visited 1 branch of the dungeon, and saw 4 of its levels.

You collected 59 gold pieces.
You spent 39 gold pieces at shops.

Inventory:

Hand Weapons
 a - a +0 falchion (weapon)
Armour
 b - a +0 leather armour (worn)
 j - a +0 cloak
 m - a +0 helmet
Wands
 g - a wand of digging (7)
Scrolls
 c - a scroll of fog
 d - a scroll of magic mapping
 e - a scroll of fear
 h - 2 scrolls of identify {unknown}
 i - a scroll of remove curse {unknown}
 k - 2 scrolls of amnesia {unknown}
Potions
 f - a potion of flight {unknown}
 l - a potion of curing
 n - a potion of degeneration {unknown}


   Skills:
 + Level 3.5 Fighting
 + Level 2.7 Long Blades
 + Level 2.1 Dodging
 + Level 3.6 Stealth


You had 2 spell levels left.
You didn't know any spells.
Your spell library was empty.

Dungeon Overview and Level Annotations

Branches:
Dungeon (7/15)
 Temple: D:4-7

Altars:
Ashenzari

Shops:
D:5 !

Annotations:
D:5 exclusions: centaur and 2 worker ants
D:6 exclusion: phantom


Innate Abilities, Weirdness & Mutations

You are completely covered in rugged brown scales. (AC +3, +7% HP)
You have supernaturally acute eyesight. (SInv)
Armour fits poorly on your strangely shaped body.
You can roll at foes to attack.
You have a long armoured tail.


Message History

The iguana bites you but does no damage.
You hit the iguana but do no damage.
The iguana is heavily wounded.
The iguana bites you! The iguana bites you.
You barely miss the iguana.
The iguana is heavily wounded.
The iguana bites you but does no damage.
You barely miss the iguana.
The iguana is heavily wounded.
A jelly comes into view.
The iguana bites you!
* * * LOW HITPOINT WARNING * * *
There is an open door here.
Really walk into a travel-excluded area?
The phantom blinks!
The jelly jiggles.
The phantom blinks!
You see here a quokka corpse.
The iguana bites you!
You die...

#.# #....... #.#
#....... #.#
#....### #.#
#....'.. #.#
##...##. #.#
#...##. #.#
####...##. #.#
#......... #@#
#..J...... #l#
#......... #.#
#.........
#.#######.........
#.J..J..†.........
#########.........
#.........
#.........
#.........


You could see an iguana and a jelly.

Vanquished Creatures
  A jelly (D:6)
  2 adders (D:5)
  A white imp (D:5)
  A giant cockroach (D:5)
  2 quokkas (D:6)
  A frilled lizard (D:5)
8 creatures vanquished.

Notes
Turn   | Place    | Note
-------+----------+-------------------------------------------
     0 | D:5      | ANON1729 the Palentonga Delver began the quest for the Orb.
     0 | D:5      | Reached XP level 1. HP: 19/19 MP: 1/1
    69 | D:5      | Found a shattered altar of Ashenzari.
   253 | D:5      | Found Pixaon's Distillery.
   320 | D:5      | Noticed a worker ant
   491 | D:5      | Noticed a centaur
   569 | D:5      | Noticed a worker ant
   700 | D:5      | Reached XP level 2. HP: 17/25 MP: 2/2
  1229 | D:5      | Bought a potion of curing for 39 gold pieces
  1244 | D:4      | You fall into a shaft and drop 3 floors!
  1281 | D:7      | Noticed an ogre
  1287 | D:6      | Reached XP level 3. HP: 25/31 MP: 3/3
  1349 | D:6      | Noticed a phantom
  1475 | D:6      | HP: 1/31 [iguana (10)]
  1500 | D:6      | Slain by an iguana

Illustrated notes

Levels and vault maps discovered:
D:4:      layout_basic, minmay_temple_entry_statues_fountains, uniq_robin
D:5:      layout_gridville, ashenzari_conservatory_becter, serial_shops, shop
D:6:      layout_basic, old_standard_altar
D:7:      layout_gridville, nemelex_xobeh_ov_fountains_minmay

Skill      XL: |  1  2 |
---------------+-------+-----
Dodging        | 2 |  2.1
Fighting       | |  3.5
Long Blades    | |  2.7
Stealth        | |  3.6

Action                   || total
-------------------------++-------
Melee: Falchion          ||    37
       Tailslap          ||     5
 Abil: Rolling Charge    ||     2
  Use: Potion            ||     1
Armor: Leather armour    ||    14
Dodge: Dodged            ||    16
       Rpst.: Falchion   ||     4

Table legend: (Time is in decaauts)
 A = Elapsed time spent in this place.
 B = Non-inter-level travel time spent in this place.
 C = Inter-level travel time spent in this place.
 D = Time resting spent in this place.
 E = Time spent auto-exploring this place.
 F = Levels seen in this place.
 G = Mean time per level.
                   A        B        C        D        E       F      G
               +--------+--------+--------+--------+--------+-----+--------+
         Total |   1491 |   1468 |     23 |    548 |    721 |   4 |  372.8 |
       Dungeon |   1491 |   1468 |     23 |    548 |    721 |   4 |  372.8 |
               +--------+--------+--------+--------+--------+-----+--------+

Top non-repeatable levels by time:
     D:5: 1224 daAuts
     D:6: 219 daAuts
     D:7: 38 daAuts
     D:4: 8 daAuts
